Map: Overgrown Facility

Players

OpuS

  • Race: Protoss Protoss
  • League: Platinum
  • Spawn Location: 9:00

Sketchaphone

  • Race: Zerg Zerg
  • League: Platinum
  • Spawn Location: 7:00

Crimson

  • Race: Zerg Zerg
  • Spawn Location: 1:00

TPCWave

  • Race: Protoss Protoss
  • Spawn Location: 3:00

VOD

Have the link to the VOD?

Description

Time

  • Played on: Feb. 11, 2019, 8:54 p.m.
  • Length: 15:34
Show
View Real Time Build Order
Export as new Build Order

OpuS Protoss 

Build Orders: 1 Gate Expand 

Get SALT Encoding   

  12  0:01  Probe  
  13  0:13  Probe  
  14  0:22  Pylon  
  14  0:25  Probe  
  15  0:36  Probe  
  16  0:44  Probe  
  16  0:48  Gateway  
  17  0:54  Probe  
  18  0:59  Assimilator  
  18  1:06  Probe  
  19  1:29  Probe  
  19  1:32  Nexus  
  20  1:41  Probe  
  20  1:44  Cybernetics Core  
  21  1:52  Pylon  
  21  1:55  Probe  
  22  2:10  Warp Gate  
  22  2:13  Probe  
  22  2:21  Probe  
  24  2:36  Gateway  
  24  2:37  Gateway  
  24  2:41  Probe  
  24  2:44  Assimilator  
  24  2:45  Probe  
  25  2:51  Probe  
  25  2:58  Probe  
  27  3:02  Zealot  
  29  3:11  Probe  
  29  3:12  Probe  
  31  3:17  Stargate  
  31  3:23  Zealot  
  31  3:25  Zealot  
  31  3:26  Probe x2  
  37  3:38  Probe x2  
  39  3:48  Twilight Council  
  39  3:59  Probe x2  
  41  4:04  Pylon  
  41  4:07  Void Ray  
  45  4:11  Probe  
  45  4:16  Pylon  
  46  4:20  Pylon  
  46  4:22  Probe  
  46  4:23  Probe  
  48  4:34  Probe  
  48  4:35  Probe  
  48  4:36  Charge  
  50  4:44  Zealot x3  
  56  4:46  Probe  
  57  4:57  Void Ray  
  61  5:01  Probe  
  61  5:02  Probe  
  61  5:05  Gateway  
  63  5:07  Assimilator  
  63  5:11  Zealot x3  
  63  5:12  Assimilator  
  63  5:13  Probe  
  70  5:20  Pylon  
  70  5:21  Pylon  
  70  5:23  Pylon  
  70  5:33  Stargate  
  70  5:38  Probe x2  
  70  5:39  Void Ray  
  70  5:41  Pylon  
  76  5:43  Pylon  
  76  5:45  Pylon  
  74  5:50  Probe  
  71  6:17  Zealot x2  
  71  6:18  Zealot x2  
  73  6:20  Void Ray  
  73  6:22  Void Ray  
  81  6:35  Gateway  
  81  6:36  Gateway  
  81  6:39  Gateway  
  81  6:45  Pylon  
  81  6:48  Pylon  
  81  6:50  Shield Battery  
  81  6:51  Shield Battery  
  81  6:53  Shield Battery  
  81  6:55  Zealot x2  
  85  7:03  Void Ray  
  85  7:08  Void Ray  
  93  7:19  Stargate  
  93  7:29  Protoss Air Weapons Level 1  
  93  7:33  Zealot x4  
  93  7:35  Zealot  
  103  7:37  Zealot  
  103  7:41  Zealot  
  107  7:46  Void Ray  
  107  7:51  Void Ray  
  115  8:11  Void Ray  
  119  8:29  Void Ray  
  119  8:32  Nexus  
  121  8:35  Pylon  
  121  8:36  Pylon  
  91  8:48  Void Ray  
  91  8:54  Void Ray  
  99  8:56  Zealot x2  
  99  8:57  Zealot  
  101  9:14  Void Ray  
  101  9:32  Void Ray  
  101  9:36  Void Ray  
  101  9:46  Probe x2  
  101  9:47  Probe  
  104  9:57  Void Ray  
  108  10:04  Assimilator  
  108  10:09  Assimilator  
  108  10:15  Void Ray  
  108  10:19  Void Ray  
  92  10:31  Zealot x2  
  92  10:32  Zealot x5  
  98  10:38  Probe x3  
  93  10:54  Void Ray  
  97  11:03  Zealot x2  
  97  11:04  Zealot x2  
  103  11:07  Zealot  
  107  11:18  Void Ray  
  109  11:30  Void Ray  
  109  11:31  Void Ray  
  101  11:38  Probe x3  
  92  11:51  Zealot x4  
  92  11:52  Void Ray  
  104  12:06  Shield Battery  
  104  12:08  Shield Battery  
  104  12:11  Shield Battery  
  104  12:14  Shield Battery  
  104  12:16  Void Ray  
  104  12:20  Void Ray  
  112  12:27  Zealot  
  112  12:28  Zealot  
  116  12:31  Zealot  
  116  12:32  Zealot  
  120  12:45  Fleet Beacon  
  120  12:51  Stargate  
  120  13:02  Zealot x3  
  120  13:03  Zealot x2  
  120  13:14  Void Ray  
  100  13:21  Zealot x2  
  100  13:24  Zealot x2  
Show
View Real Time Build Order
Export as new Build Order

Sketchaphone Zerg 

Build Orders: Hatch First, Lurkers 

Get SALT Encoding   

  12  0:01  Drone  
  13  0:12  Overlord  
  13  0:18  Drone  
  14  0:25  Drone, Extractor  
  15  0:35  Drone  
  16  0:37  Drone  
  17  0:58  Hatchery  
  17  1:02  Drone  
  17  1:05  Extractor  
  16  1:19  Spawning Pool  
  16  1:20  Drone  
  16  1:23  Drone  
  17  1:30  Drone  
  18  1:34  Drone  
  19  1:41  Drone  
  20  1:52  Overlord  
  20  2:03  Drone  
  21  2:11  Hatchery  
  20  2:18  Metabolic Boost  
  20  2:19  Drone  
  21  2:26  Drone x2  
  23  2:30  Drone  
  23  2:33  Zergling x2  
  25  2:39  Overlord  
  25  2:42  Drone  
  26  2:46  Drone  
  27  2:55  Zergling x2  
  28  2:58  Drone  
  28  3:01  Queen  
  28  3:04  Zergling x2  
  32  3:08  Queen  
  34  3:18  Zergling x2  
  35  3:36  Zergling x2  
  35  3:50  Drone  
  35  3:51  Overlord, Drone  
  35  3:52  Overlord  
  35  3:54  Pneumatized Carapace  
  35  3:55  Drone x4  
  41  3:56  Queen  
  41  4:00  Drone  
  43  4:09  Spine Crawler  
  41  4:12  Spine Crawler  
  40  4:20  Zergling x4  
  40  4:24  Baneling Nest  
  40  4:26  Drone x2  
  40  4:30  Spine Crawler  
  43  4:31  Spine Crawler, Drone x2  
  43  4:33  Overlord  
  43  4:34  Overlord  
  43  4:35  Zergling x6  
  45  4:40  Zergling x2  
  46  4:50  Drone x3  
  49  5:07  Overlord  
  49  5:08  Zergling x16  
  57  5:22  Drone x4  
  57  5:27  Extractor x2  
  57  5:28  Drone  
  60  5:29  Extractor  
  60  5:32  Spore Crawler  
  58  5:50  Baneling x2  
  58  5:51  Baneling x4  
  58  5:52  Zergling x16  
  53  6:14  Zergling x18  
  60  6:23  Zergling x6  
  63  6:32  Lair  
  63  6:35  Evolution Chamber  
  63  6:36  Evolution Chamber  
  63  6:37  Drone x6  
  67  6:47  Baneling x3  
  67  6:48  Zergling x6  
  70  6:56  Zergling x4  
  70  7:07  Zergling x12  
  74  7:11  Zerg Melee Weapons Level 1  
  74  7:12  Zerg Ground Armor Level 1  
  74  7:18  Zergling x8  
  74  7:19  Zergling x2  
  78  7:42  Overlord x2  
  61  8:03  Zergling x20  
  70  8:09  Centrifical Hooks  
  70  8:12  Hydralisk Den  
  70  8:14  Drone  
  70  8:16  Evolution Chamber, Drone x2  
  71  8:23  Zergling x2  
  72  8:34  Hatchery  
  63  8:42  Zergling x16  
  63  8:46  Grooved Spines  
  56  8:52  Lurker Den  
  56  8:53  Zergling x10  
  60  8:59  Zerg Missile Weapons Level 1  
  60  9:00  Zergling x8  
  64  9:04  Overlord  
  64  9:07  Zergling x2  
  64  9:12  Overlord  
  64  9:14  Hydralisk x2  
  68  9:22  Drone x7  
  63  9:41  Hydralisk x3  
  69  9:48  Zerg Ground Armor Level 2  
  69  9:51  Overlord  
  69  9:55  Drone x4  
  69  9:56  Queen  
  69  9:57  Drone  
  69  9:58  Overlord  
  76  10:11  Hydralisk x8  
  92  10:20  Lurker  
  83  10:29  Drone  
  83  10:30  Drone x4, Extractor  
  87  10:36  Hydralisk x4  
  95  10:45  Extractor  
  95  10:46  Hydralisk x3  
  80  11:12  Lurker  
  79  11:22  Lurker  
  70  11:26  Lurker  
  70  11:27  Zergling x36  
  70  11:29  Lurker  
  90  11:54  Overseer  
  90  11:56  Zergling x12  
  90  11:58  Baneling x20  
  96  12:03  Zergling x6  
  74  12:24  Zergling x12  
  74  12:27  Zerg Melee Weapons Level 2  
  74  12:28  Zerg Missile Weapons Level 2, Hatchery  
  79  12:31  Hatchery  
  78  12:37  Hydralisk x3  
  84  12:49  Zergling x10  
  78  12:58  Zergling x6  
  78  13:00  Overseer  
  81  13:07  Overlord, Zergling x2  
  81  13:08  Overlord, Hydralisk x2  
  86  13:13  Lurker x2  
  88  13:23  Infestation Pit  
  66  14:10  Drone  
  66  14:12  Lurker  
  66  14:13  Zergling x40  
  66  14:14  Baneling x4  
  88  14:27  Queen  
  90  14:36  Zergling x20  
  90  14:37  Baneling x15  
  90  14:38  Baneling x13  
  93  14:45  Zergling x4  
  93  14:46  Hydralisk x3  
  77  15:01  Zergling x14  
  78  15:08  Zergling x8  
  78  15:09  Zergling x2  
Show
View Real Time Build Order
Export as new Build Order

Crimson Zerg 

Build Orders: Hatch First, Roach Hydra 

Get SALT Encoding   

  12  0:01  Drone  
  13  0:12  Overlord  
  13  0:18  Drone  
  14  0:30  Drone x2  
  14  0:34  Drone  
  17  0:52  Hatchery  
  17  0:56  Drone  
  17  0:59  Drone  
  18  1:16  Extractor  
  18  1:17  Spawning Pool  
  18  1:18  Drone  
  17  1:20  Drone  
  18  1:27  Drone  
  19  1:38  Drone  
  20  1:49  Overlord  
  20  2:00  Drone  
  21  2:04  Queen x2  
  21  2:05  Drone  
  26  2:14  Zergling x2  
  27  2:19  Metabolic Boost  
  27  2:23  Drone x2  
  27  2:25  Overlord  
  29  2:36  Drone  
  30  2:46  Overlord  
  30  2:48  Drone  
  30  2:50  Hatchery  
  30  2:54  Zergling x4  
  32  3:04  Drone  
  33  3:06  Drone  
  34  3:14  Drone x2  
  34  3:15  Overlord, Drone x3  
  34  3:17  Zergling x2  
  40  3:26  Drone  
  41  3:30  Drone  
  41  3:34  Drone  
  43  3:36  Extractor  
  43  3:37  Extractor  
  41  3:43  Drone x2  
  43  3:50  Zergling x8  
  46  3:57  Lair  
  47  4:02  Drone  
  47  4:03  Drone x3  
  50  4:12  Drone x3  
  53  4:21  Queen, Roach Warren  
  53  4:22  Drone x7  
  53  4:24  Overlord  
  61  4:42  Overlord x2  
  61  4:46  Drone  
  61  4:49  Overlord x2  
  61  4:51  Drone x2  
  61  4:52  Overlord, Drone x2  
  66  5:02  Glial Reconstitution  
  66  5:06  Roach x5  
  76  5:12  Drone x2  
  78  5:15  Roach, Extractor  
  78  5:17  Overlord  
  79  5:23  Drone  
  79  5:24  Hatchery  
  79  5:30  Roach x6  
  91  5:43  Evolution Chamber  
  91  5:44  Queen, Evolution Chamber  
  91  5:51  Roach  
  91  5:52  Roach x6  
  91  5:53  Overlord  
  105  5:57  Overseer  
  103  6:04  Overlord x2  
  100  6:16  Roach  
  100  6:17  Roach x8  
  116  6:21  Zerg Missile Weapons Level 1  
  116  6:28  Drone x2  
  116  6:29  Drone x5  
  123  6:42  Zerg Ground Armor Level 1  
  123  6:45  Drone x3, Extractor  
  125  7:08  Drone x3  
  128  7:17  Hydralisk Den  
  127  7:25  Roach  
  127  7:26  Roach x11  
  127  7:27  Overlord x2  
  127  7:28  Overlord x3, Hatchery  
  150  7:34  Extractor  
  136  8:05  Drone x7  
  139  8:06  Drone x2  
  139  8:09  Ravager  
  139  8:10  Ravager x9  
  152  8:14  Muscular Augments  
  152  8:15  Overlord x4  
  152  8:23  Hydralisk x3  
  154  8:44  Hydralisk  
  154  8:45  Hydralisk x6  
  152  8:56  Queen  
  152  9:02  Hydralisk  
  147  9:03  Hydralisk x4  
  147  9:04  Hydralisk  
  157  9:11  Hydralisk x2  
  157  9:12  Hydralisk  
  157  9:21  Hydralisk x3  
  161  9:34  Hydralisk x3  
  161  9:35  Hydralisk  
  153  9:39  Hydralisk x2  
  157  9:47  Grooved Spines  
  157  9:54  Drone x4, Extractor  
  157  9:55  Drone x3  
  163  10:02  Queen  
  163  10:03  Queen  
  163  10:06  Hydralisk  
  163  10:07  Hydralisk x4  
  177  10:22  Extractor  
  170  10:33  Hydralisk x2  
  170  10:34  Hydralisk x8  
  183  10:42  Infestation Pit  
  183  10:47  Drone  
  183  10:52  Zerg Missile Weapons Level 2  
  183  10:54  Overlord x3  
  183  10:58  Zerg Ground Armor Level 2  
  181  11:21  Overseer x2  
  169  11:48  Hydralisk x5  
  169  11:49  Hydralisk x2  
  169  11:53  Hive  
  183  11:59  Overseer x2, Lurker Den  
  146  12:16  Hydralisk x7  
  146  12:17  Hydralisk x10  
  132  12:25  Roach  
  132  12:26  Roach x7  
  148  12:42  Hydralisk x5  
  148  12:43  Hydralisk  
  160  12:45  Roach x5  
  139  13:32  Hydralisk x4  
  139  13:33  Hydralisk x17  
  157  13:48  Hydralisk  
  157  13:53  Adaptive Talons  
  159  14:03  Roach  
  159  14:04  Roach x8  
  159  14:07  Lurker  
  178  14:16  Hatchery  
  177  14:28  Roach  
  177  14:29  Roach x10  
  193  14:45  Roach  
  193  14:46  Roach x3  
  145  15:08  Hydralisk  
  145  15:09  Hydralisk x9  
  145  15:11  Roach  
  165  15:14  Ravager  
  165  15:15  Ravager x2  
  165  15:16  Ravager  
Show
View Real Time Build Order
Export as new Build Order

TPCWave Protoss 

Build Orders:  

Get SALT Encoding   

  12  0:01  Probe  
  13  0:13  Probe  
  14  0:18  Pylon  
  14  0:25  Probe  
  15  0:37  Probe  
  15  0:40  Gateway  
  16  0:54  Probe  
  17  0:59  Assimilator  
  17  1:34  Cybernetics Core  
  17  1:40  Pylon  
  17  1:49  Probe  
  18  2:01  Probe  
  19  2:13  Probe  
  20  2:16  Zealot  
  20  2:18  Warp Gate  
  22  2:40  Assimilator  
  22  2:59  Gateway  
  22  3:02  Pylon  
  22  3:05  Gateway  
  22  3:08  Gateway  
  22  3:10  Probe  
  22  3:18  Probe  
  23  3:20  Zealot  
  26  3:28  Probe  
  27  3:47  Zealot  
  27  3:48  Zealot  
  29  3:51  Stalker  
  29  3:54  Nexus  
  33  3:56  Pylon  
  33  4:00  Pylon  
  33  4:14  Stalker  
  35  4:50  Forge  
  35  5:02  Assimilator  
  35  5:04  Gateway  
  35  5:06  Assimilator, Gateway  
  35  5:07  Gateway  
  35  5:08  Zealot  
  35  5:09  Zealot  
  39  5:26  Forge  
  39  5:31  Robotics Facility  
  39  5:33  Robotics Facility  
  39  5:41  Gateway  
  39  5:44  Probe  
  40  5:56  Sentry x2  
  44  5:57  Sentry x2  
  44  6:18  Stalker  
  44  6:19  Stalker  
  48  6:29  Probe x2  
  50  6:41  Probe  
  50  6:42  Probe  
  52  6:53  Probe  
  53  7:00  Probe  
  54  7:06  Probe  
  55  7:13  Probe  
  55  7:14  Stalker x2  
  55  7:15  Stalker x3  
  66  7:29  Stalker x2  
  68  8:02  Stalker  
  70  8:20  Pylon  
  70  8:21  Pylon  
  70  8:22  Pylon  
  70  8:26  Probe  
  70  8:38  Probe  
  57  8:50  Probe  
  36  8:57  Stalker x2  
  36  8:58  Stalker x2  
  36  9:02  Probe  
  43  9:10  Gateway  
  43  9:11  Gateway  
  43  9:13  Gateway  
  43  9:27  Stalker x5  
  43  9:28  Stalker x2  
  57  9:44  Protoss Ground Weapons Level 1  
  51  10:04  Stalker, Forge  
  51  10:05  Stalker x4  
  51  10:43  Protoss Ground Armor Level 1  
  51  10:44  Stalker x3  
  51  10:49  Pylon  
  57  10:50  Probe  
  58  11:02  Probe  
  55  11:15  Probe  
  55  11:17  Observer x2  
  58  11:27  Probe  
  59  11:55  Stalker x4  
  59  11:56  Stalker x4  
  59  11:57  Stalker x3  
  81  12:20  Immortal x2  
  89  12:59  Immortal  
  89  13:04  Twilight Council  
  93  13:33  Nexus  
  93  13:34  Assimilator  
  93  13:36  Assimilator  
  91  14:06  Probe x2  
  93  14:55  Stalker x3  
  93  14:56  Stalker x4  
  93  14:59  Pylon  
Tags
 
Add a new tag
Caveats
  • Supply blocks, unpowered buildings, or Contaminate may cause inaccurate times.
  • Supply counts are checked every 10 seconds.